 Dungeon Crawl Stone Soup version 0.20-a0-850-ge5a7832 (webtiles) character file.

24682 Alarkh the Severer (level 12, 0/89 HPs)
             Began as a Demonspawn Monk on Mar 10, 2017.
             Was a High Priest of Okawaru.
             Slain by a white ugly thing (29 damage)
             ... on level 11 of the Dungeon.
             The game lasted 00:33:52 (14382 turns).

Alarkh the Severer (Demonspawn Monk)               Turns: 14382, Time: 00:33:53

Health: 0/89       AC: 22    Str: 16    XL:     12   Next: 82%
Magic:  12/12      EV: 11    Int: 12    God:    Okawaru [*****.]
Gold:   769        SH:  0    Dex: 27    Spells: 9/11 levels left

rFire    . . .     SeeInvis .   a - +7 battleaxe "Dof Cic" {freeze, Stlth+}
rCold    . . .     Gourm    .   s - +6 chain mail "Adiwot" {rPois rCorr Str+3 Int-3}
rNeg     + + .     Faith    .   (shield currently unavailable)
rPois    +         Spirit   .   (helmet restricted)
rElec    +         Reflect  .   d - +0 cloak
rCorr    +         Harm     .   f - +0 pair of gloves
MR       +....                  L - +0 pair of boots "Vateil" {rElec rN++ MR+ Dex+4}
Stlth    +.........             (no amulet)
Regen    0.7/turn               B - +2 ring of strength
MPRegen  0.2/turn               X - +5 ring of dexterity

@: about to teleport, drained
A: antennae 1, talons 1, yellow scales 2, powered by death 2, regeneration 1,
spiny 1
a: Heroism, Finesse, Renounce Religion


You were on level 11 of the Dungeon.
You worshipped Okawaru.
Okawaru was extremely pleased with you.
You were very hungry.

You visited 3 branches of the dungeon, and saw 16 of its levels.
You also visited: Labyrinth, Sewer and Ice Cave.

You collected 769 gold pieces.

Inventory:

Hand Weapons
 a - the +7 battleaxe "Dof Cic" (weapon) {freeze, Stlth+}
   (Okawaru gifted it to you on level 2 of the Lair of Beasts)

   It has been specially enchanted to freeze those struck by it, causing extra
   injury to most foes and up to half again as much damage against particularly
   susceptible opponents.
   It can also slow down cold-blooded creatures.
   It makes you more stealthy.
Armour
 d - a +0 cloak (worn)
 f - a +0 pair of gloves (worn)
 s - the +6 chain mail "Adiwot" (worn) {rPois rCorr Str+3 Int-3}
   (You found it in an ice cave)

   It affects your strength (+3).
   It affects your intelligence (-3).
   It protects you from poison.
   It protects you from acid and corrosion.
 L - the +0 pair of boots "Vateil" (worn) {rElec rN++ MR+ Dex+4}
   (Okawaru gifted it to you on level 8 of the Dungeon)

   It affects your dexterity (+4).
   It insulates you from electricity.
   It greatly protects you from negative energy.
   It affects your resistance to hostile enchantments.
Jewellery
 B - a +2 ring of strength (right hand)
 X - a +5 ring of dexterity (left hand)
Wands
 o - a wand of paralysis (8/24)
 P - a wand of lightning (8/15)
 R - a wand of clouds (3/9)
 W - a wand of iceblast (13/15)
Scrolls
 b - 2 scrolls of vulnerability
 e - a scroll of identify
 h - 2 scrolls of fear
 j - 2 scrolls of blinking
 l - 3 scrolls of magic mapping
 m - 2 scrolls of recharging
 n - 5 scrolls of fog
 p - 4 scrolls of remove curse
 r - a scroll of summoning
 u - 9 scrolls of teleportation
 z - 2 scrolls of noise {unknown}
 H - a scroll of amnesia {unknown}
 M - 2 scrolls of enchant armour {unknown}
Potions
 g - a potion of flight {unknown}
 i - 2 potions of heal wounds
 q - a potion of magic
 v - a potion of cancellation
 C - a potion of curing
 N - a potion of resistance
Books
 k - a book of Air

   Spells                             Type                      Level
   a - Shock                          Conjuration/Air              1
   b - Swiftness                      Charms/Air                   2
   c - Static Discharge               Conjuration/Air              3
   d - Airstrike                      Air                          4
   e - Lightning Bolt                 Conjuration/Air              5
Comestibles
 c - 11 bread rations


   Skills:
 - Level 6.8(6.7) Fighting
 + Level 16.7(16.6) Axes
 - Level 5.3(5.2) Armour
 - Level 6.1(6.0) Dodging
 - Level 1.7(1.6) Stealth


You had 9 spell levels left.
You knew the following spells:

 Your Spells              Type           Power        Failure   Level  Hunger
b - Blink                 Tloc           N/A          100%        2    ###....


Dungeon Overview and Level Annotations

Branches:
Dungeon (13/15)            Temple (1/1) D:4            Lair (2/6) D:11
 Shoals (0/4) Lair:2          Orc (0/2) D:11
  Snake: Lair:2-4    Spider: Lair:2-4    Vaults: D:13-14

Altars:
Ashenzari
Cheibriados
Dithmenos
Elyvilon
Fedhas
Gozag
Hepliaklqana
Kikubaaqudgha
Makhleb
Nemelex Xobeh
Okawaru
Qazlal
Ru
Sif Muna
Trog
Uskayaw
Vehumet
Wu Jian
Xom
Yredelemnul
Zin
The Shining One

Shops:
D:11 (   D:12 :

Annotations:
D:7 1 exclusion


Innate Abilities, Weirdness & Mutations

You have a pair of small antennae on your head.
You are mostly covered in yellow scales. (AC +3)
You regenerate health from kills.
You are partially covered in sharp spines.
You have sharp toenails.
Your natural rate of healing is unusually fast.


Message History

The wight closely misses you.
You slash the wight!
The wight is heavily damaged.
You hit the white ugly thing. You freeze the white ugly thing.
The white ugly thing is lightly wounded.
You closely miss the white ugly thing.
The white ugly thing is lightly wounded.
The wight hits you from afar with a halberd.
The white ugly thing is struck by your spines.
The white ugly thing claws you. The white ugly thing freezes you!!
You slice the white ugly thing!! You freeze the white ugly thing.
The white ugly thing is heavily wounded.
The wight hits you from afar with a halberd!
You partially resist.
You feel drained. The white ugly thing claws you!
The white ugly thing freezes you!
You are too injured to fight recklessly!
As you read the scroll of teleportation, it crumbles to dust.
You feel strangely unstable. The wight barely misses you.
The white ugly thing claws you. The white ugly thing freezes you!!
You die...

##........#
..........#####
#....)........
#.#...)#.##### #...zzco.#
######o### #z# #u# #@#
#########
#.########........
#.##........#####.
#.##.#####..# #.
#.##.#####..### #.
##.##.##.......# #. #.##
##...#.##.##..#.###. ...
#......##.##........ ..#
.######...#........#.####


You could see a white ugly thing, a centaur, 2 wights and 2 orcs.

Vanquished Creatures
  A minotaur (Lab)
  3 two-headed ogres
  Urug (D:11)
  Pikel (D:6)
  A necromancer (IceCv)
  A manticore (Lair:2)
  2 cyclopes (D:11)
  An elephant (Lair:2)
  A black mamba (Lair:1)
  3 ice statues (IceCv)
  4 spiny frogs
  5 komodo dragons
  3 rime drakes (Lair:2)
  9 ice devils (IceCv)
  A troll (D:10)
  5 hippogriffs
  A hornet (D:11)
  A dream sheep (Lair:2)
  Sigmund (D:6)
  2 spriggans (Lair:2)
  18 yaks
  A wyvern (D:12)
  3 hungry ghosts
  4 water moccasins
  4 ice beasts
  4 porcupines
  3 orc warriors
  An eye of draining (D:11)
  6 black bears
  2 sky beasts
  A phantom (D:12)
  A necrophage (D:10)
  An ogre (D:8)
  4 centaurs
  2 crocodiles (Lair:2)
  A big kobold (D:10)
  The ghost of nikopol the Firebug, an amateur DEFE (Sewer)
  11 bullfrogs
  A gnoll sergeant (D:11)
  A water moccasin zombie (D:6)
  A water moccasin skeleton (D:10)
  3 scorpions
  12 killer bees
  17 wights
  4 crimson imps
  A draconian simulacrum (IceCv)
  A quasit (D:11)
  4 orc priests
  5 orc wizards
  5 hounds
  4 jellies
  4 centaur skeletons
  2 bullfrog skeletons
  3 iguanas
  7 worker ants
  2 spriggan simulacra (IceCv)
  5 troll simulacra (IceCv)
  2 hound skeletons
  11 gnolls
  A naga simulacrum (IceCv)
  21 adders
  An ogre simulacrum (IceCv)
  6 river rats
  5 shadow imps
  2 oozes
  An adder zombie (D:6)
  A dart slug (D:2)
  2 worms
  5 leopard geckos
  29 orcs
  10 ball pythons
  9 giant cockroaches
  6 goblins
  6 hobgoblins
  11 jackals
  5 quokkas
  7 bats
  10 frilled lizards
  9 kobolds
  3 leopard gecko skeletons
  A quokka skeleton (D:9)
  26 rats
  2 plants
389 creatures vanquished.

Vanquished Creatures (others)
  An orc priest (D:6)
  3 orcs (D:6)
  A plant (Lair:2)
5 creatures vanquished.

Grand Total: 394 creatures vanquished

Notes
Turn   | Place    | Note
-------+----------+-------------------------------------------
     0 | D:1      | Alarkh the Demonspawn Monk began the quest for the Orb.
     0 | D:1      | Reached XP level 1. HP: 18/18 MP: 1/1
   126 | D:1      | Reached skill level 3 in Axes
   126 | D:1      | Gained mutation: You regenerate a little health from kills. [demonic ancestry]
   126 | D:1      | Reached XP level 2. HP: 24/24 MP: 2/2
  1139 | D:2      | Found an iron altar of Okawaru.
  1147 | D:2      | Became a worshipper of Warmaster Okawaru
  1147 | D:2      | Reached * piety under Okawaru
  1147 | D:2      | Reached ** piety under Okawaru
  1259 | D:2      | Found a faded altar of an unknown god.
  1284 | D:2      | Gained mutation: You are partially covered in yellow scales. (AC +2) [demonic ancestry]
  1284 | D:2      | Reached XP level 3. HP: 29/29 MP: 3/3
  1650 | D:2      | Reached skill level 1 in Armour
  1945 | D:2      | Gained mutation: You have large cloven feet. [potion of mutation]
  1945 | D:2      | Gained mutation: You are frail. (-10% HP) [potion of mutation]
  1945 | D:2      | Gained mutation: You are agile. (Dex +2) [potion of mutation]
  1958 | D:2      | Lost mutation: You have large cloven feet. [potion of mutation]
  1958 | D:2      | Lost mutation: You are frail. (-10% HP) [potion of mutation]
  1958 | D:2      | Lost mutation: You are agile. (Dex +2) [potion of mutation]
  1958 | D:2      | Gained mutation: Your natural rate of healing is unusually fast. [potion of mutation]
  1958 | D:2      | Gained mutation: You have sharp toenails. [potion of mutation]
  2254 | D:2      | Gained mutation: You are partially covered in sharp spines. [demonic ancestry]
  2254 | D:2      | Reached XP level 4. HP: 33/35 MP: 4/4
  2764 | D:3      | Reached skill level 4 in Axes
  3011 | D:4      | Reached XP level 5. HP: 41/41 MP: 5/5
  3393 | D:4      | Found a staircase to the Ecumenical Temple.
  3436 | D:4      | Gained mutation: You have a pair of small antennae on your head. [demonic ancestry]
  3436 | D:4      | Reached XP level 6. HP: 45/48 MP: 6/6
  3524 | D:4      | Found a glowing drain.
  3528 | Sewer    | Entered a sewer
  3654 | Sewer    | Noticed nikopol's ghost (amateur DEFE)
  3684 | Sewer    | Killed nikopol's ghost
  3869 | Sewer    | Gained mutation: You regenerate health from kills. [demonic ancestry]
  3869 | Sewer    | Reached XP level 7. HP: 52/55 MP: 4/7
  3871 | Sewer    | Reached skill level 5 in Axes
  4012 | D:4      | Reached *** piety under Okawaru
  4096 | Temple   | Entered the Ecumenical Temple
  4633 | D:5      | Entered Level 5 of the Dungeon
  4647 | D:5      | Found a white marble altar of Elyvilon.
  4648 | D:5      | Found a glowing silver altar of Zin.
  4649 | D:5      | Found an ancient bone altar of Kikubaaqudgha.
  4649 | D:5      | Found an iron altar of Okawaru.
  4651 | D:5      | Found a deep blue altar of Sif Muna.
  4651 | D:5      | Found a hide-covered altar of Uskayaw.
  4651 | D:5      | Found a basalt altar of Yredelemnul.
  4652 | D:5      | Found a sparkling altar of Nemelex Xobeh.
  4656 | D:5      | Reached skill level 5 in Fighting
  4826 | D:5      | Reached XP level 8. HP: 62/62 MP: 8/8
  4963 | D:5      | Reached skill level 6 in Axes
  5125 | D:5      | Found a shimmering altar of Xom.
  5361 | D:5      | Reached **** piety under Okawaru
  5513 | D:5      | Reached skill level 5 in Dodging
  5626 | D:6      | Noticed Sigmund
  5749 | D:6      | Noticed Pikel
  5783 | D:6      | Killed Pikel
  5783 | D:6      | Reached skill level 7 in Axes
  5783 | D:6      | Reached XP level 9. HP: 53/69 MP: 9/9
  6075 | D:6      | Killed Sigmund
  6163 | D:7      | Reached ***** piety under Okawaru
  6192 | D:7      | Reached skill level 5 in Armour
  6207 | D:7      | Reached skill level 8 in Axes
  6234 | D:7      | Learned a level 2 spell: Blink
  6713 | D:8      | Found a shimmering altar of Xom.
  6714 | D:8      | Found a shimmering altar of Xom.
  6714 | D:8      | Found a shimmering altar of Xom.
  6714 | D:8      | Found a shimmering altar of Xom.
  6714 | D:8      | Found a shimmering altar of Xom.
  6714 | D:8      | Found a shimmering altar of Xom.
  6714 | D:8      | Found a shimmering altar of Xom.
  6734 | D:8      | Reached skill level 9 in Axes
  6779 | D:8      | Found a shimmering altar of Xom.
  6779 | D:8      | Found a shimmering altar of Xom.
  6779 | D:8      | Found a shimmering altar of Xom.
  6815 | D:8      | Reached XP level 10. HP: 77/77 MP: 10/10
  6943 | D:8      | Received a gift from Okawaru
  6949 | D:8      | Got a pair of ichor-stained boots {god gift}
  6955 | D:8      | Identified the +0 pair of boots "Vateil" {rElec rN++ MR+ Dex+4} (Okawaru gifted it to you on level 8 of the Dungeon)
  6981 | D:8      | Noticed a two-headed ogre
  6989 | D:8      | Killed a two-headed ogre
  6989 | D:8      | Reached skill level 10 in Axes
  7553 | D:9      | Noticed a two-headed ogre
  7634 | D:9      | Killed a two-headed ogre
  7634 | D:9      | Reached skill level 11 in Axes
  7818 | D:9      | Reached skill level 12 in Axes
  7879 | D:9      | Noticed a two-headed ogre
  7895 | D:9      | Killed a two-headed ogre
  7895 | D:9      | Gained mutation: You are mostly covered in yellow scales. (AC +3) [demonic ancestry]
  7895 | D:9      | Reached XP level 11. HP: 60/83 MP: 8/11
  8395 | D:9      | Got an encrusted long sword
  8396 | D:9      | Identified the +10 long sword of the Orange Skies {speed, rN+ Str-5 Int+2} (You found it on level 9 of the Dungeon)
  8428 | D:10     | Entered Level 10 of the Dungeon
  8908 | D:10     | Reached skill level 13 in Axes
  8975 | D:10     | Found a white marble altar of Elyvilon.
  9083 | D:10     | You fall through a shaft for 3 floors!
  9137 | D:12     | Received a gift from Okawaru
  9138 | D:12     | Noticed an eight-headed hydra
  9471 | D:12     | Found Jatucis's Book Shop.
  9542 | D:11     | Found a labyrinth entrance.
  9565 | Lab      | Entered a labyrinth
  9826 | Lab      | Noticed a minotaur
  9837 | Lab      | HP: 3/83 [minotaur/mace of protection (16)]
  9843 | Lab      | Killed a minotaur
  9843 | Lab      | Reached ****** piety under Okawaru
  9849 | Lab      | Identified the Papyrus of Freezing Stolen Souls
  9851 | Lab      | Got a scorched glaive
  9917 | D:11     | Reached skill level 14 in Axes
 10252 | D:11     | Noticed Urug
 10263 | D:11     | Killed Urug
 10263 | D:11     | Received a gift from Okawaru
 10651 | D:11     | Found a staircase to the Lair.
 10673 | Lair:1   | Entered Level 1 of the Lair of Beasts
 10809 | Lair:2   | Found a frozen archway.
 10829 | Lair:2   | Reached XP level 12. HP: 65/89 MP: 12/12
 10850 | IceCv    | Entered an ice cave
 10866 | IceCv    | HP: 2/89 [ice devil (21)]
 11055 | IceCv    | Reached skill level 15 in Axes
 11521 | IceCv    | HP: 1/89 [ice devil (19)]
 11773 | IceCv    | Got an ancient chain mail
 12262 | Lair:2   | Identified the +6 chain mail "Adiwot" {rPois rCorr Str+3 Int-3} (You found it in an ice cave)
 12378 | Lair:2   | Found a staircase to the Shoals.
 12531 | Lair:2   | Reached skill level 16 in Axes
 13328 | Lair:1   | Found a basalt altar of Yredelemnul.
 14059 | Lair:2   | Received a gift from Okawaru
 14060 | Lair:2   | Got a faintly glowing battleaxe {god gift}
 14061 | Lair:2   | Identified the +7 battleaxe "Dof Cic" {freeze, Stlth+} (Okawaru gifted it to you on level 2 of the Lair of Beasts)
 14361 | D:11     | Found Qesicysask's Weapon Emporium.
 14361 | D:11     | Found a staircase to the Orcish Mines.
 14382 | D:11     | Slain by a white ugly thing

Vault maps used:
D:1:      nicolae_arrival_somewhat_less_tricky_arrival, minivault_14,
          roderic_serpentine_path, hangedman_glass_teeth
D:2:      chequers_ecumenical_altar_simple, first_bread, roderic_roman_lattice,
          okawaru_altar_gauntlet_db
D:4:      temple_fountains, gup_sewer_entry_spiral
D:5:      grunt_temple_overflow_open, marbit_many_paths
D:6:      serial_park_tiny_pond, uniq_pikel, uniq_sigmund
D:7:      serial_glass, glass_columns_b, glass_columns_b, glass_columns_a,
          glass_columns_b, glass_columns_a, glass_columns_c,
          minmay_strange_pillars, minmay_strange_pillars, item_on_display_a,
          feat_on_display
D:8:      grunt_decor_one_mirror, xom_redecorated
D:10:     blue_anna_alchemist, elyvilon_altar_3
D:11:     lair_entry_dummy, orc_david_3, lab_entry_generic, uniq_urug
D:12:     serial_shops, shop
D:13:     erik_vaults_2, serial_shops, shop, ashenzari_altar_1
Temple:   nicolae_temple_god_jail
Lair:1:   basic_altar
Lair:2:   wad_woods_tower, minmay_shoals_entry_beasts, portal_ice_cave_rime
Lab:      labyrinth_spiral
Sewer:    sewer_minmay_w
IceCv:    ice_cave_tombish

Skill      XL: |  1  2  3  4  5  6  7  8  9 10 11 12 |
---------------+-------------------------------------+-----
Axes           | 3 4 5 7 9 12 14 16 | 16.7
Dodging        | 3 4 5 6 |  6.1
Armour         | 1 2 3 4 5 |  5.3
Fighting       | 4 5 6 |  6.8
Stealth        | |  1.7

Action                   |  1- 3 |  4- 6 |  7- 9 | 10-12 || total
-------------------------+-------+-------+-------+-------++-------
Melee: Hand axe          |   136 |   183 |   298 |       ||   617
       Kick              |     3 |    32 |   114 |     3 ||   152
       Punch             |       |     2 |     2 |       ||     4
       Battleaxe         |       |       |    31 |   572 ||   603
Invok: Heroism           |       |     3 |     5 |    32 ||    40
Evoke: Wand              |       |       |       |     3 ||     3
  Use: Scroll            |     2 |     5 |     2 |    16 ||    25
       Potion            |     2 |     2 |     2 |    21 ||    27
 Stab: Sleeping          |    11 |     2 |     1 |     8 ||    22
       Distracted        |       |     1 |       |     2 ||     3
       Held in net/web   |       |       |       |     2 ||     2
       Invisible         |       |       |       |     5 ||     5
  Eat: Chunk             |     4 |     6 |    10 |    23 ||    43
       Fruit             |       |       |       |     2 ||     2
Armor: Robe              |    42 |    47 |    68 |    52 ||   209
       Scale mail        |       |       |       |    63 ||    63
       Chain mail        |       |       |       |    54 ||    54
Dodge: Dodged            |   108 |   148 |   239 |   350 ||   845
